 Dungeon Crawl Stone Soup version 0.24-a0-441-g27f0392 (webtiles) character file.

Game seed: 16647848891545694587

166 r3xj the Covered (level 5, -2/46 HPs)
             Began as a Barachi Fighter on June 20, 2019.
             Killed from afar by an orc wizard (8 damage)
             ... with a puff of frost
             ... on level 3 of the Dungeon.
             The game lasted 00:04:24 (2131 turns).

r3xj the Covered (Barachi Fighter)                  Turns: 2131, Time: 00:04:25

Health: -2/46      AC:  7    Str: 16 (17) XL:     5   Next: 47%
Magic:  5/5        EV:  7    Int:  6 (9)  God:
Gold:   49         SH:  8    Dex: 10 (12) Spells: 4/4 levels left

rFire    . . .     SeeInvis .   j - +0 hand axe (chop)
rCold    . . .     Gourm    .   c - +0 shield
rNeg     . . .     Faith    .   b - +0 scale mail
rPois    .         Spirit   .   (no helmet)
rElec    .         Reflect  .   (no cloak)
rCorr    .         Harm     .   (no gloves)
MR       .....                  (no boots)
Stlth    +.........             (no amulet)
HPRegen  0.15/turn              i - ring of stealth
MPRegen  0.09/turn              (no ring)

@: slow
A: +LOS, swims, slowness 1, strong legs 1
a: Hop


You were on level 3 of the Dungeon.
You were not hungry.

You visited 1 branch of the dungeon, and saw 3 of its levels.

You collected 49 gold pieces.

Inventory:

Hand Weapons
 a - a +0 long sword
 e - a +3 quarterstaff of chaos
 j - a +0 hand axe of chopping (weapon)
Armour
 b - a +0 scale mail (worn)
 c - a +0 shield (worn)
 g - a +0 cloak
Jewellery
 i - a ring of stealth (left hand)
Scrolls
 h - 2 scrolls of identify {unknown}
 k - a scroll of teleportation {unknown}
 l - a scroll of enchant armour {unknown}
 n - a scroll of amnesia {unknown}
Potions
 d - a potion of might
Comestibles
 f - a ration


   Skills:
 + Level 5.7 Fighting
 - Level 2.4 Long Blades
 + Level 5.7 Armour
 - Level 3.2 Shields


You had 4 spell levels left.
You didn't know any spells.
Your spell library was empty.

Dungeon Overview and Level Annotations

Branches:
Dungeon (3/15)

Altars:
Fedhas
Kikubaaqudgha
Trog
The Shining One


Innate Abilities, Weirdness & Mutations

Shadows flee at your approach. (+LOS)
You can swim through water.
You cover ground slowly.
You can hop short distances.


Message History

You closely miss the adder.
The adder is heavily wounded.
Your shield and scale mail prevent you from hitting the frilled lizard.
You hit the orc wizard.
The frilled lizard bites you but does no damage.
The orc wizard points at you and mumbles some strange words.
You block the puff of frost. The adder bites you but does no damage.
You block the frilled lizard's attack. The orc wizard barely misses you.
You barely miss the adder.
The adder is heavily wounded.
You hit the orc wizard. You hit the frilled lizard.
You kill the frilled lizard!
The adder bites you but does no damage. The orc wizard casts a spell at you.
The puff of flame misses you.
The puff of flame misses the adder.
An orc wizard comes into view. It is wielding a +0 dagger.
You block the adder's attack.
The orc wizard points at you and mumbles some strange words.
The puff of frost hits you!
You die...

### ..$#
##########...#
.............####
#o@S...=..#
...!...)o†......#
...o##..........#
.. #$.##...#.##
#.. ...# # ...
.$... ##.. .....
... .##.## ... ..
!.


You could see 3 orc wizards and an adder.

Vanquished Creatures
  A crimson imp (D:2)
  Crazy Yiuf (D:2)
  Natasha (D:2)
  An adder (D:3)
  An ooze (D:1)
  5 dart slugs
  A leopard gecko (D:2)
  2 orcs (D:3)
  2 giant cockroaches
  5 hobgoblins
  2 jackals (D:1)
  10 kobolds
  2 ball pythons
  4 bats
  2 frilled lizards
  6 goblins
  11 rats
57 creatures vanquished.

Vanquished Creatures (others)
  A hobgoblin (D:1)
1 creature vanquished.

Grand Total: 58 creatures vanquished

Notes
Turn   | Place    | Note
-------+----------+-------------------------------------------
     0 | D:1      | r3xj the Barachi Fighter began the quest for the Orb.
     0 | D:1      | Reached XP level 1. HP: 18/18 MP: 1/1
    27 | D:1      | Reached XP level 2. HP: 22/25 MP: 2/2
   227 | D:1      | Reached XP level 3. HP: 24/31 MP: 3/3
   692 | D:2      | Found an ancient bone altar of Kikubaaqudgha.
   733 | D:2      | Reached skill level 5 in Fighting
   733 | D:2      | Reached skill level 5 in Armour
   733 | D:2      | Reached XP level 4. HP: 34/39 MP: 4/4
   918 | D:2      | Noticed a moth of wrath
   920 | D:2      | Found a bloodstained altar of Trog.
   984 | D:2      | Noticed Natasha
   990 | D:2      | Killed Natasha
  1068 | D:2      | Found a runed translucent door.
  1069 | D:2      | Noticed Crazy Yiuf
  1097 | D:2      | Reached XP level 5. HP: 44/44 MP: 5/5
  1273 | D:2      | Found a glowing golden altar of the Shining One.
  1280 | D:2      | Found a blossoming altar of Fedhas.
  1582 | D:2      | Killed Crazy Yiuf
  2131 | D:3      | Killed from afar by an orc wizard

Levels and vault maps discovered:
D:1:      saegor_arrival_simple_a, layout_loops_ring
D:2:      layout_basic, tgw_trog, kiku_gazebo_garden_becter,
          chequers_temple_overflow_statue_of_worship, minmay_pentomino_x4,
          uniq_natasha, uniq_crazy_yiuf_cottage
D:3:      layout_loops_ring, overflow_temple_1_default, first_ration

Skill      XL: |  1  2  3 |
---------------+----------+-----
Fighting       | 4 5 |  5.7
Armour         | 4 5 |  5.7
Long Blades    | |  2.4
Shields        | |  3.2

Action                   |  1- 3 |  4- 6 || total
-------------------------+-------+-------++-------
Melee: Long sword        |    96 |    80 ||   176
       Hand axe          |       |    16 ||    16
  Use: Potion            |       |     4 ||     4
  Eat: Chunk             |       |     3 ||     3
       Ration            |       |     1 ||     1
Armor: Scale mail        |    69 |    63 ||   132
Dodge: Dodged            |    39 |    36 ||    75
Block: Shield            |    63 |    57 ||   120
       Rpst.: Long sword |     6 |     8 ||    14

Table legend:
 A = Non-vault XP
 B = Vault XP
 C = Vault XP percentage of total XP
 D = Non-vault monster count
 E = Vault monster count
 F = Vault count percentage of total count
                 A         B        C        D         E       F
            +---------+---------+-------+---------+---------+-------
      Total |     104 |     134 |  56.3 |      48 |      10 |  17.2
            +---------+---------+-------+---------+---------+-------
        D:1 |      49 |       0 |   0.0 |      25 |       0 |   0.0
        D:2 |      33 |     134 |  80.2 |      18 |      10 |  35.7
        D:3 |      22 |       0 |   0.0 |       5 |       0 |   0.0
            +---------+---------+-------+---------+---------+-------
